 Dungeon Crawl Stone Soup version 0.31-a0-331-geda263fcf1 (webtiles) character file.

Game seed: 13662794882993069216

429 NinjaNoafa the Insei (level 6, -1/52 HPs)
             Began as a Merfolk Monk on July 19, 2023.
             Succumbed to a kobold brigand's curare-tipped dart
             ... on level 3 of the Dungeon.
             The game lasted 00:06:52 (2888 turns).

NinjaNoafa the Insei (Merfolk Monk)                 Turns: 2888, Time: 00:06:53

Health: -1/52      AC:  9    Str: 13    XL:     6   Next: 98%
Magic:  6/6        EV: 16    Int: 10    God:
Gold:   34         SH:  6    Dex: 16    Spells: 5/5 levels left

rFire   . .          .
                       - Unarmed
rCold   . . .        r - +2 buckler {AC+3}
rNeg    . . .        a - +0 robe
rPois   .            q - +0 helmet
rElec   .            d - +0 cloak
rCorr   .            m - +1 pair of gloves
SInv    .            (boots currently unavailable)
Will    .....        (no amulet)
Stlth   ++           (no ring)
HPRegen 0.28/turn    (no ring)
MPRegen 0.10/turn

%: no passive effects
@: lethally poisoned (-1 -> -28), slowed, quick
A: nimble swimmer 2, mertail
a: no special abilities


You were on level 3 of the Dungeon.
You visited 1 branch of the dungeon, and saw 3 of its levels.

You collected 184 gold pieces.
You spent 150 gold pieces at shops.

Inventory:

Missiles
 h - 3 poisoned darts
 s - a boomerang
 t - a throwing net
Armour
 a - a +0 robe (worn)
 d - a +0 cloak (worn)
 m - a +1 pair of gloves (worn)
 q - a +0 helmet (worn)
 r - a +2 buckler of protection (worn)
Wands
 k - a wand of flame (18)
Scrolls
 e - 3 scrolls of fog {unknown}
 f - 4 scrolls of teleportation {unknown}
 g - 2 scrolls of enchant weapon {unknown}
 j - 3 scrolls of revelation {unknown}
 o - a scroll of identify {unknown}
 p - a scroll of enchant armour {unknown}
Potions
 c - a potion of berserk rage {unknown}
 i - a potion of degeneration {unknown}
 l - a potion of brilliance {unknown}
 n - a potion of haste {unknown}


   Skills:
 - Level 6.0 Fighting
 - Level 4.0 Dodging
 + Level 6.6 Unarmed Combat


You had 5 spell levels left.
You didn't know any spells.
Your spell library was empty.

Dungeon Overview and Level Annotations

Branches:
Dungeon (3/15) Zot: 15295

Altars:

Shops:
D:1 [


Innate Abilities, Weirdness & Mutations

You are very nimble when in or above water. (Stealth+, EV+, Speed+++)
Your lower body shifts to a powerful aquatic tail in water.


Message History

* * * LOW HITPOINT WARNING * * *
You feel as though you will be slow longer.
You take 17 damage, and have 19/52 hp.
MASSIVE DAMAGE!!
Unknown command.
* * * LOW HITPOINT WARNING * * *
You feel extremely sick.
You take 7 damage, and have 12/52 hp.
Unknown command.
You are confused.
You feel invigorated.
* * * LOW HITPOINT WARNING * * *
You feel extremely sick.
The kobold brigand throws a curare-tipped dart.
The curare-tipped dart completely misses you.
You take 1 damage, and have 11/52 hp.
Unknown command.
* * * LOW HITPOINT WARNING * * *
You feel very sick.
You take 1 damage, and have 10/52 hp.
Unknown command.
* * * LOW HITPOINT WARNING * * *
You feel very sick.
You take 1 damage, and have 9/52 hp.
Unknown command.
You feel less invigorated.
You feel less confused.
You feel sick.
The kobold brigand throws a curare-tipped dart.
The curare-tipped dart hits you.
You are lethally poisoned!
You have difficulty breathing.
* * * LOW HITPOINT WARNING * * *
You feel as though you will be slow longer.
You take 2 damage, and have 7/52 hp.
Unknown command.
Okay, then.
Aiming: Throw Flame
Press: ? - help, Shift-Dir - straight line, f - kobold brigand
Aim: a kobold brigand, wielding a +0 trident and quivering curare-tipped darts (60% to hit)
You die...

#################################
..........................P......
..................[.....P........
~~~~~~~≈~~~)~≈≈~[~~~≈≈~~~~)~)~~~~
~≈≈≈~≈≈≈≈~K§§≈≈≈≈~≈≈≈≈≈≈≈≈≈≈≈≈~~≈
####~~~)~~~o))§§@))~)[~~~~~))~~~#
...#............................#
...#'############################
##'#....'....# # .#.#g.[.########
# .#.#..).[......# #
.#.##''#...g..... #
.#.....#.........
.#...).#.......#.


There were no monsters in sight!

Vanquished Creatures
  A howler monkey (D:3)
  A hound (D:3)
  A gnoll bouda (D:3)
  An orc wizard (D:3)
  Robin (D:3)
  14 gnolls
  6 adders
  A worm (D:2)
  3 dart slugs
  12 orcs (D:3)
  7 ball pythons
  3 endoplasms
  8 goblins
  12 hobgoblins
  13 jackals
  3 bats
  2 frilled lizards
  5 kobolds
  3 rats
97 creatures vanquished.

Notes
Turn   | Place    | Note
-------+----------+-------------------------------------------
     0 | D:1      | NinjaNoafa the Merfolk Monk began the quest for the Orb.
     0 | D:1      | Reached XP level 1. HP: 18/18 MP: 1/1
   159 | D:1      | Reached XP level 2. HP: 20/24 MP: 2/2
   342 | D:1      | Found Gyhumuqu's Antique Armour Boutique.
   783 | D:1      | Reached XP level 3. HP: 26/30 MP: 3/3
  1111 | D:2      | Reached XP level 4. HP: 20/38 MP: 4/4
  1825 | D:3      | Reached XP level 5. HP: 35/43 MP: 5/5
  1945 | D:3      | Reached skill level 5 in Fighting
  1945 | D:3      | Reached skill level 5 in Unarmed Combat
  2233 | D:3      | Reached XP level 6. HP: 26/51 MP: 6/6
  2260 | D:3      | Noticed Robin
  2330 | D:3      | Killed Robin
  2531 | D:1      | Bought a glowing buckler for 150 gold pieces
  2888 | D:3      | Succumbed to a kobold brigand's curare-tipped dart

Illustrated notes

Levels and vault maps discovered:
D:1:      dpeg_arrival_brainrot, layout_basic, serial_shops, shop,
          minmay_misc_feat_cross
D:2:      layout_rooms, columned_hall_lemuel, chequers_serial_rivers_large_a
D:3:      lemuel_castle_with_subvaults [lemuel_castle_interior_carwin_3],
          layout_loops_ring, uniq_robin

Skill      XL: |  1  2  3  4  5  6 |
---------------+-------------------+-----
Fighting       | 4 5 6 |  6.0
Unarmed Combat | 4 5 6 |  6.6
Dodging        | |  4.0

Action                     |  1- 3 |  4- 6 || total
---------------------------+-------+-------++-------
  Melee: Unarmed           |    85 |   242 ||   327
         Tailslap          |       |    21 ||    21
  Evoke: Wand              |       |     1 ||     1
    Use: Potion            |       |     1 ||     1
 Armour: Robe              |    16 |    55 ||    71
  Dodge: Dodged            |    56 |   161 ||   217
  Block: Buckler           |       |    21 ||    21

Table legend: (Time is in decaauts)
 A = Elapsed time spent in this place.
 B = Non-inter-level travel time spent in this place.
 C = Inter-level travel time spent in this place.
 D = Time resting spent in this place.
 E = Time spent auto-exploring this place.
 F = Levels seen in this place.
 G = Mean time per level.
                   A        B        C        D        E       F      G
               +--------+--------+--------+--------+--------+-----+--------+
         Total |   2704 |   2508 |    196 |    100 |   1560 |   3 |  901.3 |
       Dungeon |   2704 |   2508 |    196 |    100 |   1560 |   3 |  901.3 |
               +--------+--------+--------+--------+--------+-----+--------+

Top non-repeatable levels by time:
     D:3: 1164 daAuts
     D:1: 816 daAuts
     D:2: 723 daAuts
